AoeStats
← D-J_t00th

Arabia

505078286Analyzed
2v2 RM · 23d ago on Sep 7, 2026· 30m 48s· 4 players
Game mode
Random Map
Map size
Medium (4 player)
Population
200
Speed
Normal
Resources
Standard
Victory
Conquest
Starting age
Dark Age
Ending age
Imperial Age
RankedLock teamsTeams togetherTeam positionsShared explorationLock speedFull tech treeHidden civsTurbo modeCheats
Victory
Defeat
🇷🇺 Byzantines · Russia
1006
+16
🇹🇷 Berbers · Türkiye
962
+18
🇺🇸 Armenians · United States
1000
-51
🇨🇦 Sicilians · Canada
1000
-51
lightpolus
10:28 Feudal Age
11:01 Double-Bit Axe
11:00 Horse Collar
13:05 Wheelbarrow
16:25 Gold Mining
18:47 Castle Age
17:48 Scale Barding Armor
18:34 Fletching
18:38 Stone Mining
22:00 Loom
23:22 Hand Cart
26:15 Chain Barding Armor
26:47 Husbandry
28:22 Bow Saw
GlorioustoRy [75MINGAME]
3:49 Loom
12:19 Feudal Age
18:42 Castle Age
18:14 Double-Bit Axe
19:44 Horse Collar
22:10 Man-at-Arms
24:33 Wheelbarrow
24:36 Bow Saw
24:41 Scale Mail Armor
25:28 Heavy Plow
25:14 Long Swordsman
27:40 Forging
28:57 Hand Cart
29:31 Squires
29:31 Stone Mining
29:32 Gold Mining
29:43 Town Watch
WhiskeryEmu95
3:35 Loom
13:22 Feudal Age
13:43 Horse Collar
17:54 Bloodlines
24:00 Castle Age
24:55 Double-Bit Axe
25:02 Gold Mining
D-J_t00th
14:05 Loom
19:00 Feudal Age
21:00 Arson
26:00 Wheelbarrow
28:28 Bloodlines
28:33 Double-Bit Axe
28:45 Gold Mining
Connection lost

Rejoining the realm…

Still unreachable

The connection could not be restored.

Session expired

The server has moved on; the page needs a fresh start.